 Dungeon Crawl Stone Soup version 0.23.2-30-g0e89c35 (webtiles) character file.

Game seed: 4383972707503347766

98478 Fang the Warrior (level 16, -2/162 HPs)
             Began as a Gargoyle Berserker on June 14, 2019.
             Was the Champion of Trog.
             Slain by a naga warrior
             ... wielding a +0 long sword
              (6 damage)
             ... on level 1 of the Snake Pit.
             The game lasted 00:30:25 (24297 turns).

Fang the Warrior (Gargoyle Berserker)              Turns: 24297, Time: 00:30:26

Health: -2/162     AC: 35    Str: 33    XL:     16   Next: 22%
Magic:  0/16       EV: 13    Int: 16    God:    Trog [******]
Gold:   2159       SH:  0    Dex: 15    Spells: 15/15 levels left

rFire    . . .     SeeInvis +   B - +5 broad axe "Sarcophage" {speed, rC+ Dex+4}
rCold    + + .     Gourm    .   (no shield)
rNeg     + . .     Faith    .   b - +5 plate armour
rPois    ∞         Spirit   +   d - +0 helmet of Gestures {rPois Int+8 Dex+2}
rElec    +         Reflect  .   K - scarf {Spirit}
rCorr    .         Harm     .   (no gloves)
MR       +....                  (no boots)
Stlth    ..........             j - amulet of guardian spirit
HPRegen  0.37/turn              e - ring of see invisible
MPRegen  0.15/turn              u - ring of protection from cold

@: berserking, flying, constricted, very quick
A: big wings, negative energy resistance 1, electricity resistance, unbreathing,
petrification resistance, rot immunity, AC +12
a: Stop Flying, Berserk, Trog's Hand, Brothers in Arms, Renounce Religion


You were on level 1 of the Snake Pit.
You worshipped Trog.
Trog was exalted by your worship.
You were hungry.

You visited 6 branches of the dungeon, and saw 26 of its levels.
You also visited: Gauntlet.

You collected 2159 gold pieces.

Inventory:

Hand Weapons
 a - a +3 war axe of venom
 z - the +1 battleaxe of Calamity {vamp, rF+ MR+ SInv, unknown}
   (Trog gifted it to you on level 10 of the Dungeon)

   It inflicts no extra harm, but heals its wielder when it wounds a living foe.
   It protects you from fire.
   It affects your resistance to hostile enchantments.
   It lets you see invisible.
 B - the +5 broad axe "Sarcophage" (weapon) {speed, rC+ Dex+4}
   (You acquired it on level 3 of the Lair of Beasts)

   Attacks with this weapon are significantly faster.
   It affects your dexterity (+4).
   It protects you from cold.
 G - a +2 executioner's axe of electrocution
Armour
 b - a +5 plate armour (worn)
 d - the +0 helmet of Gestures (worn) {rPois Int+8 Dex+2}
   (You found it on level 8 of the Dungeon)

   It affects your intelligence (+8).
   It affects your dexterity (+2).
   It protects you from poison.
 K - a scarf of spirit shield (worn)
Jewellery
 e - a ring of see invisible (left hand)
 h - the ring of the Mage {Wiz MR++ Int+3}
   (You found it on level 6 of the Lair of Beasts)

   [ring of wizardry]

   It improves your spell success rate.
   It affects your intelligence (+3).
   It affects your resistance to hostile enchantments.
 j - an amulet of guardian spirit (around neck)
 k - an uncursed ring of positive energy
 u - a ring of protection from cold (right hand)
 E - an uncursed amulet of rage
Wands
 l - a wand of flame (69)
 v - a wand of polymorph (5)
 w - a wand of random effects (70)
 y - a wand of paralysis (15)
 A - a wand of enslavement (11)
 C - a wand of iceblast (20)
 F - a wand of acid (15)
Scrolls
 f - a scroll of magic mapping
 g - 11 scrolls of teleportation
 n - 2 scrolls of fear
 p - 9 scrolls of remove curse
 t - 6 scrolls of blinking
 I - 3 scrolls of identify
 J - a scroll of silence
 L - 2 scrolls of fog
Potions
 i - 5 potions of agility
 o - a potion of heal wounds
 q - 2 potions of resistance
 r - 2 potions of ambrosia
 s - 4 potions of haste
 x - 2 potions of invisibility
 D - 2 potions of berserk rage
 H - 2 potions of might
Comestibles
 c - 41 rations
 m - 2 chunks of flesh


   Skills:
 + Level 15.4 Fighting
 + Level 13.3 Axes
 + Level 15.2 Armour
 + Level 12.2 Dodging


You had 15 spell levels left.
You didn't know any spells.
Your spell library was empty.

Dungeon Overview and Level Annotations

Branches:
Dungeon (15/15)            Temple (1/1) D:6            Lair (6/6) D:8
  Swamp (1/4) Lair:3        Snake (1/4) Lair:4        Slime (0/5) Lair:5
    Orc (2/2) D:12            Elf (0/3) Orc:2        Vaults (0/5) D:14
 Depths (0/5) D:15

Altars:
Ashenzari
Cheibriados
Fedhas
Gozag
Hepliaklqana
Kikubaaqudgha
Makhleb
Nemelex Xobeh
Qazlal
Vehumet
Wu Jian
Beogh
Jiyva

Shops:
D:4 *   D:12 (   Orc:1 [=*   Orc:2 ([**=

Portals:
Trove: D:15 (give 7 scrolls of blinking)


Innate Abilities, Weirdness & Mutations

You are resistant to torment.
Your stone body is resilient. (AC +12)
You are immune to poison.
Your large and strong wings let you fly indefinitely.
You resist negative energy. (rN+)
You are resistant to electric shocks. (rElec)
You can survive without breathing.
You are immune to petrification.
You are immune to rotting.


Message History

The naga warrior constricts you.
The naga warrior hits you but does no damage.
You slice the naga warrior!!
The naga warrior is severely wounded.
You barely miss the naga warrior.
You cut the naga warrior into ribbons!!!
You kill the naga warrior!
Trog accepts your kill.
You closely miss the naga warrior. The naga warrior closely misses you.
* * * LOW HITPOINT WARNING * * *
The naga warrior constricts you.
The naga warrior's grasp on you weakens, but your attempt to escape fails.
The guardian serpent hits you.
* * * LOW HITPOINT WARNING * * *
You closely miss the guardian serpent. You barely miss the naga warrior.
The guardian serpent casts a spell at you.
The bolt of poison hits you but does no damage.
You resist.
The naga warrior hits you but does no damage.
You die...

.....(...(......
..)).((()..........##
..<)(.))...##.......#
...)........#.....#.####
..........#.#...........
........#...............
........................
#.......##.#####)N......
.....##.# .. #@S......
#..... .. ###......
..... .... ###


You could see a naga warrior and a guardian serpent.

Vanquished Creatures
  Kirke (D:12)
  Donald (Snake:1)
  3 orc warlords (Orc:2)
  A fire dragon (D:15)
  Josephine (Lair:4)
  A naga warrior (Snake:1)
  4 catoblepae
  6 hydras
  A centaur warrior (D:15)
  2 dancing weapons (D:14)
  An ogre mage (D:15)
  Erica (D:8)
  A queen ant (Lair:3)
  4 death yaks (Lair:6)
  A deep troll shaman (Lair:6)
  7 two-headed ogres
  Urug (Lair:6)
  3 naga sharpshooters (Snake:1)
  An orc high priest (Orc:2)
  Nergalle (Lair:3)
  5 orc knights
  A wizard (D:15)
  A manticore (D:15)
  6 orc sorcerers
  2 deep elf magi (D:15)
  13 ugly things
  A salamander (Snake:1)
  5 cyclopes
  7 black mambas
  18 elephants
  3 naga magi
  A centaur zombie (D:14)
  6 spiny frogs
  A gargoyle (D:15)
  2 rime drakes (Lair:5)
  2 efreet
  A yaktaur (D:15)
  2 freezing wraiths (D:14)
  7 komodo dragons
  A queen bee (D:11)
  5 trolls
  3 polar bears (Lair:6)
  A hornet (D:15)
  A hornet (shapeshifter) (D:14)
  16 hippogriffs
  5 blink frogs (Lair:5)
  3 slime creatures
  3 dream sheep (Lair:6)
  A centaur simulacrum (D:15)
  2 shadows (D:14)
  2 vampires
  3 wraiths
  A wyvern (Lair:3)
  2 fire elementals (Lair:2)
  5 basilisks
  A human (D:11)
  4 hogs (D:12)
  Grum (D:10)
  2 fire bats (Lair:2)
  25 yaks
  11 vampire mosquitoes
  4 hungry ghosts
  5 nagas
  Menkaure (D:5)
  5 wargs
  5 soldier ants (Lair:3)
  Duvessa (D:5)
  8 water moccasins
  14 porcupines
  28 orc warriors
  3 sky beasts (D:8)
  2 ice beasts
  A black bear (D:8)
  2 phantoms
  24 wolves
  An eye of draining (D:15)
  23 ogres
  21 centaurs
  13 crocodiles
  A big kobold (D:13)
  14 bullfrogs
  Blork the orc (Orc:2)
  A wyvern zombie (D:13)
  6 scorpions
  Dowan (D:5)
  23 killer bees (D:11)
  3 wights (D:12)
  6 howler monkeys
  5 electric eels
  A bullfrog zombie (D:12)
  6 crimson imps
  4 hounds
  3 jellies
  17 orc priests
  4 bullfrog skeletons
  7 centaur skeletons
  3 iguanas
  27 orc wizards
  24 worker ants
  2 hound skeletons
  A howler monkey zombie (D:6)
  2 worker ant zombies
  19 gnolls
  10 adders
  4 shadow imps
  An ooze (D:3)
  3 worms
  4 dart slugs
  3 leopard geckos
  84 orcs
  2 ball pythons (D:4)
  10 bats
  14 giant cockroaches
  5 goblins
  15 hobgoblins
  3 jackals (D:7)
  4 quokkas
  3 frilled lizards
  A giant cockroach zombie (D:6)
  A jackal skeleton (D:5)
  15 kobolds
  5 rats
  A bush (D:8)
  A fire vortex (Lair:2)
  3 fungi
  7 plants
765 creatures vanquished.

Vanquished Creatures (collateral kills)
  3 hydras
  7 elephants (Lair:6)
  4 dream sheep (Lair:6)
  2 wraiths (Lair:4)
  A water moccasin (Lair:6)
17 creatures vanquished.

Vanquished Creatures (others)
  5 fungi (Lair:6)
  10 plants
15 creatures vanquished.

Grand Total: 797 creatures vanquished

Notes
Turn   | Place    | Note
-------+----------+-------------------------------------------
     0 | D:1      | Fang the Gargoyle Berserker began the quest for the Orb.
     0 | D:1      | Reached XP level 1. HP: 14/14 MP: 1/1
    81 | D:1      | Reached XP level 2. HP: 15/19 MP: 2/2
   320 | D:1      | Reached XP level 3. HP: 22/23 MP: 3/3
   862 | D:2      | Reached XP level 4. HP: 22/29 MP: 2/4
   996 | D:2      | Reached ** piety under Trog
  1667 | D:2      | Reached XP level 5. HP: 5/33 MP: 1/5
  2256 | D:3      | Found a faded altar of an unknown god.
  2557 | D:3      | Reached *** piety under Trog
  2932 | D:4      | Noticed an ogre
  2941 | D:4      | Killed an ogre
  2941 | D:4      | Reached XP level 6. HP: 17/39 MP: 2/6
  3543 | D:4      | Reached skill level 5 in Fighting
  3646 | D:4      | Found an opulent altar of Gozag.
  3648 | D:4      | Found Gozag's Platinum Reserve.
  3777 | D:5      | Entered Level 5 of the Dungeon
  3784 | D:5      | Reached XP level 7. HP: 41/44 MP: 5/7
  4052 | D:5      | Noticed Menkaure
  4059 | D:5      | Killed Menkaure
  4283 | D:5      | Noticed Dowan
  4284 | D:5      | Noticed Duvessa
  4291 | D:5      | Killed Dowan
  4303 | D:5      | Killed Duvessa
  4303 | D:5      | Reached skill level 5 in Armour
  4321 | D:5      | Found a hazy altar of Hepliaklqana.
  4488 | D:6      | Reached XP level 8. HP: 39/51 MP: 6/8
  4519 | D:6      | Found a shattered altar of Ashenzari.
  4564 | D:6      | Reached skill level 5 in Axes
  4864 | D:6      | Reached **** piety under Trog
  4969 | D:6      | Found an ornate altar of the Wu Jian Council.
  5312 | D:6      | Found a staircase to the Ecumenical Temple.
  5397 | D:6      | Reached XP level 9. HP: 56/56 MP: 9/9
  5430 | Temple   | Entered the Ecumenical Temple
  5569 | D:7      | Reached skill level 5 in Dodging
  5820 | D:7      | Paralysed by fainting for 6 turns
  6273 | D:8      | Reached ***** piety under Trog
  6317 | D:8      | Found a staircase to the Lair.
  6329 | D:8      | Reached XP level 10. HP: 30/64 MP: 4/10
  6813 | D:8      | Received a gift from Trog
  6860 | D:8      | Noticed Erica
  6867 | D:8      | Killed Erica
  7118 | D:8      | Found a blossoming altar of Fedhas.
  7186 | D:8      | Found a burning altar of Makhleb.
  7187 | D:8      | Found a radiant altar of Vehumet.
  7438 | D:8      | Got a transparent helmet
  7444 | D:8      | Identified the cursed +0 helmet of Gestures {rPois Int+8
                  | Dex+2} (You found it on level 8 of the Dungeon)
  7936 | D:9      | Noticed a white ugly thing
  7948 | D:9      | Killed a white ugly thing
  8662 | D:10     | Entered Level 10 of the Dungeon
  8702 | D:10     | Reached XP level 11. HP: 67/71 MP: 11/11
  8762 | D:10     | Noticed Grum
  8768 | D:10     | Killed Grum
  9165 | D:10     | Reached skill level 10 in Fighting
  9167 | D:10     | Received a gift from Trog
  9170 | D:10     | Got a jewelled battleaxe {god gift}
  9656 | D:11     | Noticed a two-headed ogre
  9662 | D:11     | Killed a two-headed ogre
  9868 | D:11     | Found a gate leading to a gauntlet.
  9884 | Gauntlet | Entered a Gauntlet
  9884 | Gauntlet | Found a transporter.
  9884 | Gauntlet | Noticed a death ooze
  9891 | Gauntlet | Found a runed translucent door.
  9905 | Gauntlet | Found a transporter.
  9905 | Gauntlet | Found a transporter.
  9921 | Gauntlet | Found a transporter.
  9923 | Gauntlet | Found a transporter.
  9936 | Gauntlet | Found a transporter.
  9955 | Gauntlet | Found a transporter.
  9965 | Gauntlet | Found a transporter.
  9974 | Gauntlet | Found the ring of Shadows {Umbra +Inv Stlth+}
  9975 | Gauntlet | Found a transporter.
  9990 | Gauntlet | Found a transporter.
 10151 | D:11     | Noticed a red ugly thing
 10160 | D:11     | Killed a red ugly thing
 10160 | D:11     | Reached skill level 10 in Armour
 10253 | D:11     | Reached ****** piety under Trog
 10702 | D:12     | Noticed Kirke
 10712 | D:12     | Noticed a manticore
 10717 | D:12     | Noticed a lindwurm
 10718 | D:12     | Killed Kirke
 10718 | D:12     | Reached XP level 12. HP: 80/80 MP: 12/12
 10754 | D:12     | Received a gift from Trog
 10798 | D:12     | Found Hiowiasch's Weapon Shop.
 10940 | D:12     | Found a staircase to the Orcish Mines.
 10954 | D:12     | Found a roughly hewn altar of Beogh.
 11167 | D:12     | Noticed a two-headed ogre
 11175 | D:12     | Killed a two-headed ogre
 11609 | Lair:1   | Entered Level 1 of the Lair of Beasts
 11763 | Lair:1   | Reached skill level 10 in Axes
 12011 | Lair:1   | You fall through a shaft!
 12063 | Lair:2   | Reached XP level 13. HP: 65/86 MP: 11/13
 13197 | Lair:3   | Noticed Nergalle
 13215 | Lair:3   | Killed Nergalle
 13261 | Lair:3   | Identified a scroll of acquirement
 13264 | Lair:3   | Got a crystal broad axe
 13265 | Lair:3   | Identified the +5 broad axe "Sarcophage" {speed, rC+ Dex+4}
                  | (You acquired it on level 3 of the Lair of Beasts)
 13744 | Lair:3   | Found a staircase to the Swamp.
 14141 | Swamp:1  | Entered Level 1 of the Swamp
 14469 | Lair:4   | Found a staircase to the Snake Pit.
 14469 | Lair:4   | Noticed Josephine
 14480 | Lair:4   | Killed Josephine
 14740 | Lair:4   | Found a snail-covered altar of Cheibriados.
 14769 | Lair:4   | Received a gift from Trog
 15257 | Lair:5   | Found a stormy altar of Qazlal.
 15409 | Lair:5   | Reached skill level 10 in Dodging
 15496 | Lair:5   | Found a viscous altar of Jiyva.
 15496 | Lair:5   | Found a staircase to the Slime Pits.
 16242 | Lair:6   | Entered Level 6 of the Lair of Beasts
 16286 | Lair:6   | Noticed Urug
 16298 | Lair:6   | Gained mutation: Your large and strong wings let you fly
                  | indefinitely. [Gargoyle growth]
 16298 | Lair:6   | Reached XP level 14. HP: 83/94 MP: 12/14
 16309 | Lair:6   | Killed Urug
 16348 | Lair:6   | Received a gift from Trog
 16357 | Lair:6   | HP: 3/94 [11-headed hydra (8)]
 17521 | Lair:6   | Found the ring of the Mage {Wiz MR++ Int+3}
 19068 | D:14     | Found a gate to the Vaults.
 19397 | D:14     | Found a shattered altar of Ashenzari.
 19513 | D:14     | Reached XP level 15. HP: 61/100 MP: 11/15
 20297 | D:15     | Entered Level 15 of the Dungeon
 20602 | D:15     | Received a gift from Trog
 21102 | D:15     | Found a portal to a secret trove of treasure.
 21267 | D:15     | Found a staircase to the Depths.
 21777 | Orc:1    | Entered Level 1 of the Orcish Mines
 21777 | Orc:1    | Found Ulyrhill's Antique Armour Emporium.
 21803 | Orc:1    | Received a gift from Trog
 21905 | Orc:1    | Found a roughly hewn altar of Beogh.
 21963 | Orc:1    | Found Ceuh's Jewellery Shoppe.
 22076 | Orc:2    | Entered Level 2 of the Orcish Mines
 22098 | Orc:2    | Reached skill level 15 in Fighting
 22114 | Orc:2    | Noticed an orc warlord
 22154 | Orc:2    | Killed an orc warlord
 22162 | Orc:2    | Noticed an orc warlord
 22561 | Orc:2    | Killed an orc warlord
 22740 | Orc:2    | Noticed Blork the orc
 22747 | Orc:2    | Found a staircase to the Elven Halls.
 22914 | Orc:2    | Noticed an orc warlord
 22926 | Orc:2    | Reached skill level 15 in Armour
 22950 | Orc:2    | Killed an orc warlord
 22950 | Orc:2    | Reached XP level 16. HP: 51/108 MP: 12/16
 22962 | Orc:2    | Paralysed by an orc sorcerer for 6 turns
 23247 | Orc:1    | Found Hyhegus's General Store.
 23346 | Orc:2    | Killed Blork the orc
 23350 | Orc:2    | Received a gift from Trog
 23448 | Orc:2    | Found a roughly hewn altar of Beogh.
 23660 | Orc:2    | Found Pirudghei's Jewellery Shoppe.
 23679 | Orc:2    | Found Xemot's Assorted Antiques.
 23731 | Orc:2    | Found Faubixul's Antique Armour Shoppe.
 23746 | Orc:2    | Found Bimop's Antique Weapon Shoppe.
 23762 | Orc:2    | Found Xemuofue's General Store.
 24109 | Snake:1  | Entered Level 1 of the Snake Pit
 24109 | Snake:1  | Noticed Donald
 24140 | Snake:1  | Killed Donald
 24293 | Snake:1  | HP: 8/162 [naga warrior/+0 long sword (4)]
 24297 | Snake:1  | Slain by a naga warrior

Skill      XL: |  1  2  3  4  5  6  7  8  9 10 11 12 13 14 15 |
---------------+----------------------------------------------+-----
Axes           | 3 4 5 6 8 9 10 11 12 13 | 13.3
Dodging        | 2 3 4 5 7 8 9 10 11 12 | 12.2
Armour         | 3 4 5 6 7 9 10 11 12 14 15 | 15.2
Fighting       | 4 5 6 8 9 11 12 13 14 15 | 15.4

Action                   |  1- 3 |  4- 6 |  7- 9 | 10-12 | 13-15 | 16-18 || total
-------------------------+-------+-------+-------+-------+-------+-------++-------
Melee: Hand axe          |    87 |   163 |       |       |       |       ||   250
       War axe           |       |    94 |   289 |   494 |   139 |       ||  1016
       Executioner's axe |       |       |       |   100 |       |       ||   100
       Broad axe         |       |       |       |       |  1042 |   157 ||  1199
Invok: Berserk           |     2 |     3 |     5 |     5 |    15 |     3 ||    33
       Brothers in Arms  |       |       |       |       |     4 |       ||     4
 Abil: Fly               |       |       |       |       |     1 |       ||     1
  Use: Scroll            |       |       |    17 |    10 |    13 |       ||    40
       Potion            |       |       |       |       |     3 |     1 ||     4
 Stab: Sleeping          |     1 |       |       |       |       |       ||     1
       Petrified         |       |       |       |       |     7 |       ||     7
  Eat: Chunk             |     2 |    12 |    10 |    25 |    42 |     7 ||    98
       Ration            |       |       |     2 |     1 |     3 |       ||     6
Armor: Animal skin       |    23 |    44 |       |       |       |       ||    67
       Plate armour      |       |   102 |   244 |   573 |   980 |   127 ||  2026
Dodge: Dodged            |    57 |   144 |   171 |   451 |  1011 |   116 ||  1950
